 Dungeon Crawl Stone Soup version 0.30-a0-737-gf23d94013f (webtiles) character file.

Game seed: 5406083433705908845

183 mopl the Stinger (level 5, -6/35 HPs)
             Began as a Formicid Venom Mage on Feb 2, 2023.
             Killed by nerve-wracking pain
             ... invoked by an orc priest
              (12 damage)
             ... on level 3 of the Dungeon.
             The game lasted 00:02:56 (1864 turns).

mopl the Stinger (Formicid Venom Mage)              Turns: 1864, Time: 00:02:56

Health: -6/35      AC:  2    Str: 14    XL:     5   Next: 94%
Magic:  11/11      EV: 12    Int: 15    God:
Gold:   84         SH:  0    Dex: 18    Spells: 7/12 levels left

rFire   + . .      SeeInvis +    a - +7 hand axe of Wezettorr {elec, Dex+4}
rCold   + . .      Faith    .    (no shield)
rNeg    . . .      Spirit   .    k - +0 robe
rPois   .          Reflect  .    (helmet unavailable)
rElec   .          Harm     .    (no cloak)
rCorr   .          Rampage  .    (no gloves)
Will    .....                    (no boots)
Stlth   ++                       c - amulet of magic regeneration
HPRegen 0.25/turn                h - ring of protection from cold
MPRegen 0.52/turn                s - ring of protection from fire

@: no status effects
A: permanent stasis, dig shafts and tunnels, antennae 3, four strong arms
a: Dig, Shaft Self


You were on level 3 of the Dungeon.
You visited 1 branch of the dungeon, and saw 3 of its levels.

You collected 129 gold pieces.
You spent 45 gold pieces at shops.

Inventory:

Hand Weapons
 a - the +7 hand axe of Wezettorr (weapon) {elec, Dex+4}
   (You found it on level 2 of the Dungeon)

   Dex:       It affects your dexterity (+4).
Missiles
 p - 3 poisoned darts
 v - a throwing net
Armour
 k - a +0 robe (worn)
Magical Staves
 o - a staff of conjuration
Jewellery
 c - an amulet of magic regeneration (around neck)
 h - a ring of protection from cold (left hand)
 s - a ring of protection from fire (right hand)
 w - a ring of poison resistance
Scrolls
 d - a scroll of blinking {unknown}
 e - 5 scrolls of identify {unknown}
 f - 3 scrolls of silence {unknown}
 m - a scroll of fear {unknown}
 t - a scroll of acquirement {unknown}
 u - a scroll of fog {unknown}
Potions
 b - a potion of magic
 g - 2 potions of berserk rage {unknown}
 i - a potion of degeneration {unknown}
 j - a potion of mutation {unknown}
 l - a potion of flight {unknown}
 n - a potion of attraction {unknown}
 q - a potion of haste {unknown}
 r - 3 potions of might {unknown}


   Skills:
 + Level 2.0 Axes
 - Level 1.7 Dodging
 - Level 2.4 Stealth
 - Level 4.0 Spellcasting
 + Level 3.7 Transmutations
 - Level 4.0 Poison Magic


You had 7 spell levels left.
You knew the following spells:

 Your Spells              Type           Power      Damage    Failure   Level
a - Sting                 Tmut/Pois      56%        1d5       3%          1
o - Olgreb's Toxic Radia  Pois           15%        N/A       34%         4

Your spell library contained the following spells:

 Spells                   Type           Power      Damage    Failure   Level
 Poisonous Vapours        Pois/Air       18%        N/A       12%         2
 Mephitic Cloud           Conj/Pois/Air  7%         N/A       30%         3
 Tukima's Dance           Hex            3%         N/A       47%         3
 Passage of Golubria      Tloc           3%         N/A       87%         4
 Yara's Violent Unravell  Hex/Tmut       4%         3d4       93%         5


Dungeon Overview and Level Annotations

Branches:
Dungeon (3/15)

Altars:
Okawaru

Shops:
D:2 *


Innate Abilities, Weirdness & Mutations

You cannot be hasted, slowed, berserked, paralysed or teleported.
You can dig through walls and to a lower floor.
You have a pair of large antennae on your head. (SInv)
Your four strong arms can wield two-handed weapons with a shield.


Message History

The orc shouts!
The orc priest mumbles some strange prayers to Beogh against you.
Beogh smites you!
The sting hits the orc.
The orc is poisoned.
The orc is moderately wounded.
The sting hits the orc but does no damage.
The orc looks even sicker.
The orc is moderately wounded.
The orc hits you with a +0 mace. The orc closely misses you.
You are too injured to fight recklessly!
You are too injured to fight recklessly!
You are too injured to fight recklessly!
You hit the orc.
The orc is almost dead.
You barely miss the orc.
The orc priest looks encouraged for a moment.
The orc hits you with a +0 whip.
You completely miss the orc.
The orc is almost dead.
You hit the orc. The orc hits you with a +0 mace. The orc closely misses you.
You barely miss the orc priest. You slash the orc!
You kill the orc!
You closely miss the orc. The orc barely misses you.
The orc priest closely misses you. The orc priest barely misses you.
The orc hits you with a +0 mace.
* * * LOW HITPOINT WARNING * * *
You hit the orc priest.
The orc priest is moderately wounded.
You hit the orc but do no damage.
You kill the orc!
The orc priest hits you with a +0 short sword.
* * * LOW HITPOINT WARNING * * *
You hit the orc priest.
The orc priest is heavily wounded.
The orc priest closely misses you.
You hit the orc priest.
The orc priest is severely wounded.
The orc priest invokes the aid of Beogh against you.
Pain shoots through your body!
You die...

#.############
##.............
.....>........
............
#........###
#...........
#...o)...# #..)@#
..#....######
≈............#
§............#
..............##
♣.≈..###........#
♣.≈.............#
..≈.............#
.≈.............##


You could see an orc priest.

Vanquished Creatures
  A scorpion (D:3)
  Jessica (D:2)
  3 gnolls (D:3)
  An adder (D:2)
  A worm (D:3)
  2 dart slugs
  3 orcs (D:3)
  3 endoplasms
  2 giant cockroaches (D:2)
  5 hobgoblins
  4 jackals (D:1)
  6 kobolds
  A quokka (D:1)
  7 ball pythons
  A bat (D:2)
  A frilled lizard (D:3)
  3 goblins
  3 rats
48 creatures vanquished.

Notes
Turn   | Place    | Note
-------+----------+-------------------------------------------
     0 | D:1      | mopl the Formicid Venom Mage began the quest for the Orb.
     0 | D:1      | Reached XP level 1. HP: 13/13 MP: 3/3
   187 | D:1      | Reached XP level 2. HP: 19/19 MP: 5/5
   208 | D:1      | Reached skill level 2 in Transmutations
   733 | D:2      | Noticed Jessica
   737 | D:2      | Reached XP level 3. HP: 24/24 MP: 5/7
   764 | D:2      | Killed Jessica
   765 | D:2      | Reached skill level 3 in Spellcasting
   781 | D:2      | Identified the +7 hand axe of Wezettorr {elec, Dex+4}
   803 | D:2      | Reached XP level 4. HP: 28/30 MP: 8/8
   808 | D:2      | Learned a level 4 spell: Olgreb's Toxic Radiance
   952 | D:2      | Found an iron altar of Okawaru.
  1024 | D:2      | Found a faded altar of an unknown god.
  1152 | D:2      | Found Kaphueph's Assorted Antiques.
  1160 | D:2      | Bought 2 murky inky potions for 45 gold pieces
  1237 | D:2      | Reached skill level 3 in Transmutations
  1538 | D:3      | Noticed a scorpion
  1549 | D:3      | Killed a scorpion
  1550 | D:3      | Reached skill level 1 in Axes
  1550 | D:3      | Reached XP level 5. HP: 18/35 MP: 8/10
  1761 | D:3      | Reached skill level 4 in Spellcasting
  1837 | D:3      | Reached skill level 2 in Axes
  1864 | D:3      | Killed from afar by an orc priest

Illustrated notes

Levels and vault maps discovered:
D:1:      roderic_octagonal_star, layout_loops_ring, st_stairs_10
D:2:      layout_basic, basic_altar,
          dreamdust_ecumenical_altar_angels_and_demons, serial_shops, shop,
          uniq_jessica
D:3:      layout_basic, mainiacjoe_overflow_brackets

Skill      XL: |  1  2  3  4  5 |
---------------+----------------+-----
Transmutations | 2 3 |  3.7
Spellcasting   | 3 4 |  4.0
Axes           | 1 2 |  2.0
Dodging        | |  1.7
Stealth        | |  2.4
Poison Magic   | |  4.0

Action                     |  1- 3 |  4- 6 || total
---------------------------+-------+-------++-------
  Melee: Unarmed           |     3 |       ||     3
         Hand axe          |     2 |    37 ||    39
   Cast: Sting             |    34 |    20 ||    54
         Olgreb's Toxic Ra |       |     1 ||     1
    Use: Potion            |       |     1 ||     1
   Stab: Sleeping          |       |     4 ||     4
 Armour: Robe              |     5 |     9 ||    14
  Dodge: Dodged            |    16 |    24 ||    40

Table legend: (Time is in decaauts)
 A = Elapsed time spent in this place.
 B = Non-inter-level travel time spent in this place.
 C = Inter-level travel time spent in this place.
 D = Time resting spent in this place.
 E = Time spent auto-exploring this place.
 F = Levels seen in this place.
 G = Mean time per level.
                   A        B        C        D        E       F      G
               +--------+--------+--------+--------+--------+-----+--------+
         Total |   1871 |   1828 |     43 |    109 |   1350 |   3 |  623.7 |
       Dungeon |   1871 |   1828 |     43 |    109 |   1350 |   3 |  623.7 |
               +--------+--------+--------+--------+--------+-----+--------+

Top non-repeatable levels by time:
     D:2: 763 daAuts
     D:1: 732 daAuts
     D:3: 376 daAuts
